 Dungeon Crawl Stone Soup version 0.21.1-1-g345015f (webtiles) character file.

84 Inchmeat the Firebug (level 4, -3/33 HPs)
             Began as a Hill Orc Fire Elementalist on June 28, 2018.
             Was an Initiate of Cheibriados.
             Slain by a mummy (7 damage)
             ... on level 4 of the Dungeon.
             The game lasted 00:06:21 (4140 turns).

Inchmeat the Firebug (Hill Orc Fire Elementalist)   Turns: 4140, Time: 00:06:21

Health: -3/33      AC:  8    Str: 16    XL:     4   Next: 45%
Magic:  3/6        EV: 11    Int: 16    God:    Cheibriados [......]
Gold:   98         SH:  0    Dex: 12    Spells: 2/6 levels left

rFire    . . .     SeeInvis .   e - +1 trident
rCold    + . .     Gourm    .   (no shield)
rNeg     . . .     Faith    .   o - +0 ring mail
rPois    .         Spirit   .   d - +1 helmet
rElec    .         Reflect  .   (no cloak)
rCorr    .         Harm     .   (no gloves)
MR       .....                  a - +0 pair of boots
Stlth    +.........             (no amulet)
HPRegen  0.11/turn              i - ring of protection from cold
MPRegen  0.10/turn              p - +4 ring of strength

@: invisible, very slow
A: no striking features
a: Bend Time, Renounce Religion


You were on level 4 of the Dungeon.
You worshipped Cheibriados.
Cheibriados was noncommittal.
You were not hungry.

You visited 1 branch of the dungeon, and saw 4 of its levels.

You collected 98 gold pieces.

Inventory:

Hand Weapons
 e - a +1 trident (weapon)
 f - a +0 club
 k - a +0 whip
 q - a +2 vampiric spear
 s - a +4 short sword of draining
 t - a +3 whip
Armour
 a - a +0 pair of boots (worn)
 d - a +1 helmet (worn)
 o - a +0 ring mail (worn)
Jewellery
 i - a ring of protection from cold (left hand)
 p - a +4 ring of strength (right hand)
Scrolls
 g - a scroll of teleportation
 j - a scroll of remove curse {@r2}
 r - 2 scrolls of blinking
Potions
 h - 2 potions of cancellation {unknown}
 m - a potion of mutation {unknown}
 n - a potion of heal wounds {unknown}
 u - 2 potions of curing {unknown}
Books
 b - a book of Flames

   Spells                             Type                      Level
   a - Flame Tongue                   Conjuration/Fire             1
   b - Throw Flame                    Conjuration/Fire             2
   c - Conjure Flame                  Conjuration/Fire             3
   d - Inner Flame                    Hexes/Fire                   3
   e - Sticky Flame                   Conjuration/Fire             4
   f - Fireball                       Conjuration/Fire             5
Comestibles
 c - 3 rations


   Skills:
 - Level 1.6 Dodging
 - Level 1.6 Stealth
 - Level 1.6 Spellcasting
 * Level 2.8 Conjurations
 * Level 4.5 Fire Magic
 * Level 0.1 Invocations


You had 2 spell levels left.
You knew the following spells:

 Your Spells              Type           Power        Failure   Level  Hunger
a - Flame Tongue          Conj/Fire      ##...        9%          1    ##.....
b - Conjure Flame         Conj/Fire      ##......     26%         3    ####...


Dungeon Overview and Level Annotations

Branches:
Dungeon (4/15)
 Temple: D:4-7

Altars:
Cheibriados
Elyvilon
Qazlal
Sif Muna

Portals:
Ossuary: D:4


Message History

Castin': Flame Tongue Confirm wit' . or Enter, or press ? or * ta list all spells.
Aimin': Flame Tongue
Press: ? - help, Shift-Dir - straight line, f/p - mummy
Aim: a mummy (moderately damaged) Tha flame tongue hits tha mummy.
Tha mummy be burn'd terribly!
Tha mummy be severely damaged.
Tha mummy hits ye!
* * * LOW HITPOINT WARNIN'
* * * Castin': Flame Tongue Confirm wit' . or Enter, or press ? or * ta list all spells.
Aimin': Flame Tongue
Press: ? - help, Shift-Dir - straight line, f/p - mummy
Aim: a mummy (severely damaged) Tha flame tongue hits tha mummy.
Tha mummy appears unharmed.
Tha mummy be severely damaged.
It was a potion o' invisibility.
Ye fade inta invisibility!
Tha mummy hits ye!
Ye die...

.>...................
.........<.....?...
.....#...#.###..######
...#..................
...##..###'###.###+###
....... #.##...##
...###. ###.....## ..
.. #......)# .
..S...###@###....
...###. #M# .... ..# #
### ###


You could see a mummy.

Vanquished Creatures
  2 adders (D:2)
  3 dart slugs
  3 leopard geckos
  An orc (D:2)
  6 bats
  7 giant cockroaches
  4 goblins
  6 hobgoblins
  2 quokkas
  6 frilled lizards
  A hobgoblin zombie (D:4)
  9 kobolds
  7 rats
57 creatures vanquished.

Notes
Turn   | Place    | Note
-------+----------+-------------------------------------------
     0 | D:1      | Inchmeat the Hill Orc Fire Elementalist began the quest for the Orb.
     0 | D:1      | Reached XP level 1. HP: 14/14 MP: 3/3
   269 | D:1      | Reached XP level 2. HP: 20/20 MP: 2/4
   985 | D:1      | Reached XP level 3. HP: 13/26 MP: 3/5
  1325 | D:1      | Reached skill level 4 in Fire Magic
  2244 | D:2      | Reached XP level 4. HP: 30/33 MP: 6/6
  2399 | D:2      | Learned a level 3 spell: Conjure Flame
  3165 | D:3      | Found a snail-covered altar of Cheibriados.
  3171 | D:3      | Found a white marble altar of Elyvilon.
  3183 | D:3      | Found a stormy altar of Qazlal.
  3494 | D:3      | Found a deep blue altar of Sif Muna.
  4035 | D:3      | Became a worshipper of Cheibriados the Contemplative
  4131 | D:4      | Found a sand-covered staircase.
  4140 | D:4      | Slain by a mummy

Skill      XL: |  1  2  3 |
---------------+----------+-----
Conjurations   | 2 |  2.8
Fire Magic     | 4 |  4.5
Dodging        | |  1.6
Stealth        | |  1.6
Spellcasting   | |  1.6
Invocations    | |  0.1

Action                   |  1- 3 |  4- 6 || total
-------------------------+-------+-------++-------
Melee: Unarmed           |     3 |       ||     3
       Club              |    17 |       ||    17
       Whip              |    44 |    16 ||    60
       Trident           |       |    61 ||    61
       Spear             |       |    19 ||    19
 Cast: Flame Tongue      |    34 |     3 ||    37
       Conjure Flame     |       |     1 ||     1
  Use: Scroll            |       |     9 ||     9
       Potion            |       |     1 ||     1
 Stab: Sleeping          |     1 |       ||     1
  Eat: Chunk             |     4 |     2 ||     6
       Ration            |       |     3 ||     3
Armor: Robe              |    33 |       ||    33
       Ring mail         |     2 |    30 ||    32
Dodge: Dodged            |    70 |    54 ||   124
